 Dungeon Crawl Stone Soup version 0.29.0-5-ge4962eb29e (webtiles) character file.

Game seed: 8440495032948148737

2100 xian the Covert (level 9, -1/54 HPs)
             Began as a Kobold Enchanter on Aug 29, 2022.
             Was a Follower of Okawaru.
             Slain by an orc
             ... wielding a +0 spear
              (5 damage)
             ... on level 7 of the Dungeon.
             The game lasted 00:18:03 (6680 turns).

xian the Covert (Kobold Enchanter)                  Turns: 6680, Time: 00:18:03

Health: -1/54      AC:  3    Str:  9    XL:     9   Next: 52%
Magic:  10/14      EV: 15    Int: 17    God:    Okawaru [*.....]
Gold:   317        SH:  0    Dex: 15    Spells: 10/15 levels left

rFire   . . .      SeeInvis .   w - +5 dagger (drain)
rCold   . . .      Faith    .   (no shield)
rNeg    . . .      Spirit   .   b - +1 robe
rPois   .          Reflect  .   (no helmet)
rElec   .          Harm     .   (no cloak)
rCorr   .          Rampage  .   (no gloves)
Will    .....                   (no boots)
Stlth   ++++++....              (no amulet)
HPRegen 0.18/turn               (no ring)
MPRegen 0.14/turn               (no ring)

@: no status effects
A: small, no large weapons, nightstalker 3
a: Renounce Religion, Heroism


You were on level 7 of the Dungeon.
You worshipped Okawaru.
Okawaru was aware of your devotion.
You visited 2 branches of the dungeon, and saw 8 of its levels.
You also visited: Sewer.

You collected 345 gold pieces.
You spent 28 gold pieces at shops.

Inventory:

Hand Weapons
 i - a +2 dagger of protection
 w - a +5 dagger of draining (weapon)
Missiles
 e - 5 poisoned darts (quivered)
Armour
 b - a +1 robe (worn)
Jewellery
 m - an amulet of regeneration
Wands
 d - a wand of polymorph (15)
Scrolls
 k - 2 scrolls of enchant armour
 p - 2 scrolls of fog
 u - a scroll of immolation
Potions
 a - a potion of heal wounds
 c - 2 potions of invisibility
 f - a potion of attraction {unknown}
 g - a potion of mutation {unknown}
 j - 5 potions of curing
 o - a potion of flight {unknown}
 r - a potion of brilliance
 v - a potion of might {unknown}


   Skills:
 * Level 5.4 Fighting
 * Level 7.2 Short Blades
 + Level 3.7 Dodging
 + Level 10.7 Stealth
 + Level 3.6 Spellcasting
 + Level 4.6 Hexes
 + Level 2.7 Ice Magic


You had 10 spell levels left.
You knew the following spells:

 Your Spells              Type           Power      Damage    Failure   Level
a - Ensorcelled Hibernat  Hex/Ice        30%        N/A       5%          2
b - Confusing Touch       Hex            18%        N/A       8%          3

Your spell library contained the following spells:

 Spells                   Type           Power      Damage    Failure   Level
 Dazzling Flash           Conj/Hex       20%        N/A       19%         3
 Sublimation of Blood     Necr           3%         N/A       26%         2
 Petrify                  Tmut/Erth      3%         N/A       86%         4
 Irradiate                Conj/Tmut      1%         3d12      99%         5
 Tukima's Dance           Hex            Unusable   N/A       N/A         3
 Animate Dead             Necr           Unusable   N/A       N/A         4
 Summon Mana Viper        Hex/Summ       Unusable   N/A       N/A         5
 Summon Forest            Summ/Tloc      Unusable   N/A       N/A         5
 Summon Cactus Giant      Summ           Unusable   N/A       N/A         6
 Haunt                    Necr/Summ      Unusable   N/A       N/A         7
 Infestation              Necr           Unusable   N/A       N/A         8

Dungeon Overview and Level Annotations

Branches:
Dungeon (7/15)             Temple (1/1) D:5           Sewer (visited)

Altars:
Ashenzari
Fedhas
Gozag
Hepliaklqana
Kikubaaqudgha
Makhleb
Nemelex Xobeh
Okawaru
Qazlal
Sif Muna
Trog
Uskayaw
Wu Jian
Yredelemnul
Zin
The Shining One

Shops:
D:2 (   D:3 (   D:6 *

Portals:
Bailey: D:7


Innate Abilities, Weirdness & Mutations

You are small and have problems with some larger weapons.
You are completely attuned to the shadows.


Message History

The orc hits you from afar with a +0 spear.
The orc misses you. The orc closely misses you.
Casting: Ensorcelled Hibernation (safe; 5% risk of failure)
Confirm with . or Enter, or press ? or * to list all spells.
Aiming: Ensorcelled Hibernation (safe; 5% risk of failure)
Press: ? - help, Shift-Dir - straight line, f - orc
Aim: an orc, wielding a +0 spear (chance to affect: 66%)
The orc looks drowsy...
The orc closely misses you.
The helpless orc fails to defend itself.
You stick the orc like a pincushion!!!!
You kill the orc!
Okawaru accepts your kill. The goblin hits you but does no damage.
The orc misses you.
The orc hits you from afar with a +0 spear.
* * * LOW HITPOINT WARNING * * *
Things that are here:
a +0 spear; an orc corpse
Casting: Ensorcelled Hibernation (safe; 5% risk of failure)
Confirm with . or Enter, or press ? or * to list all spells.
Aiming: Ensorcelled Hibernation (safe; 5% risk of failure)
Press: ? - help, Shift-Dir - straight line, f - goblin
Aim: a goblin, wielding a +0 spear (chance to affect: 66%)
The goblin struggles to resist.
You hear the faint creaking of a portcullis very nearby.
The goblin hits you with a +0 spear.
* * * LOW HITPOINT WARNING * * *
The orc hits you but does no damage.
The hobgoblin hits you from afar with a +0 spear.
* * * LOW HITPOINT WARNING * * *
The orc hits you from afar with a +0 spear.
* * * LOW HITPOINT WARNING * * *
You barely miss the goblin. The goblin barely misses you.
The orc barely misses you.
Okay, then.
As you read the scroll of fog, it crumbles to dust.
The scroll dissolves into smoke.
The hobgoblin hits you from afar with a +0 spear.
* * * LOW HITPOINT WARNING * * *
The orc misses you. The orc hits you with a +0 spear.
You die...

#### .... ##§##
####§§.##.#
+§§@g§..#.#
....###oo.##.##
..#.####g##...#
. ............#
.≈~≈~~o~~~...#
~~≈≈~~≈≈~..##
~##''g##~..#
#.....#~..#
#∩...>#≈..#


You could see 2 orcs, a hobgoblin and a goblin.

Vanquished Creatures
  Duvessa (D:5)
  An ice beast (D:3)
  Pargi (Sewer)
  A black bear (D:6)
  6 phantoms
  A centaur (D:4)
  5 ogres
  A bullfrog (D:7)
  2 scorpions
  Dowan (D:5)
  5 hounds
  2 jellies (D:6)
  An orc priest (D:5)
  3 iguanas
  2 orc wizards
  10 adders
  A shadow imp (D:7)
  A white imp (D:5)
  2 ufetubi (D:5)
  2 worms
  4 dart slugs
  8 orcs
  9 ball pythons
  5 bats
  9 endoplasms
  4 giant cockroaches
  3 goblins
  6 hobgoblins
  2 quokkas
  4 frilled lizards
  8 kobolds
  4 rats
115 creatures vanquished.

Notes
Turn   | Place    | Note
-------+----------+-------------------------------------------
     0 | D:1      | xian the Kobold Enchanter began the quest for the Orb.
     0 | D:1      | Reached XP level 1. HP: 10/10 MP: 3/3
   194 | D:1      | Reached XP level 2. HP: 16/16 MP: 5/5
   237 | D:1      | Learned a level 2 spell: Ensorcelled Hibernation
   563 | D:1      | Reached XP level 3. HP: 20/20 MP: 6/6
  1108 | D:1      | Reached skill level 1 in Fighting
  1161 | D:2      | Reached skill level 5 in Stealth
  1403 | D:2      | Reached XP level 4. HP: 25/25 MP: 0/7
  1810 | D:2      | Reached skill level 1 in Ice Magic
  1850 | D:2      | Learned a level 3 spell: Confusing Touch
  1854 | D:2      | Reached XP level 5. HP: 30/30 MP: 8/8
  1959 | D:2      | Found Ebanaism's Weapon Shoppe.
  2148 | D:3      | Noticed an ice beast
  2152 | D:3      | Killed an ice beast
  2153 | D:3      | Reached XP level 6. HP: 36/36 MP: 9/9
  2352 | D:3      | Found a faded altar of an unknown god.
  2376 | D:3      | Reached skill level 6 in Stealth
  2444 | D:3      | Found Leddadd's Antique Weapon Boutique.
  3274 | D:4      | Noticed an ogre
  3278 | D:4      | Killed an ogre
  3314 | D:4      | Noticed an ogre
  3318 | D:4      | Killed an ogre
  3319 | D:4      | Reached XP level 7. HP: 41/41 MP: 11/11
  3505 | D:4      | Reached skill level 7 in Stealth
  3711 | D:4      | Reached XP level 8. HP: 47/47 MP: 12/12
  3717 | D:4      | Reached skill level 8 in Stealth
  3723 | D:4      | Reached skill level 5 in Short Blades
  4042 | D:5      | Entered Level 5 of the Dungeon
  4413 | D:5      | Noticed Duvessa
  4469 | D:5      | Killed Duvessa
  4470 | D:5      | Reached skill level 9 in Stealth
  5096 | D:5      | Found a staircase to the Ecumenical Temple.
  5097 | D:5      | Noticed Dowan
  5101 | D:5      | Killed Dowan
  5102 | D:5      | Reached XP level 9. HP: 52/52 MP: 10/14
  5120 | Temple   | Entered the Ecumenical Temple
  5247 | Temple   | Became a worshipper of Warmaster Okawaru
  5819 | D:6      | Found Ulushe's General Store.
  5825 | D:6      | Bought a scroll of identify for 28 gold pieces
  5838 | D:6      | Reached skill level 10 in Stealth
  5867 | D:6      | Reached skill level 5 in Fighting
  6136 | D:6      | Found a blossoming altar of Fedhas.
  6141 | D:6      | Found an ornate altar of the Wu Jian Council.
  6141 | D:6      | Found a sparkling altar of Nemelex Xobeh.
  6189 | D:6      | Reached * piety under Okawaru
  6196 | D:6      | Found a hide-covered altar of Uskayaw.
  6260 | D:6      | Found a glowing drain.
  6266 | Sewer    | Entered a sewer
  6346 | Sewer    | Noticed Pargi
  6348 | Sewer    | Killed Pargi
  6659 | D:7      | Found a flagged portal.
  6680 | D:7      | Slain by an orc

Illustrated notes

Levels and vault maps discovered:
D:1:      sevenhm_arrival_forest_fort_large_2, layout_loops_cross
D:2:      layout_loops_ring, serial_shops, nicolae_shop_bloodbath_and_beyond,
          grunt_ministairs_4
D:3:      layout_loops_corners, ebering_ecumenical_altar_hall, serial_shops,
          nicolae_shop_hallway_plus
D:4:      layout_cave_pods
D:5:      layout_basic, minmay_temple_entry_stoned_glass,
          kennysheep_cross_bottleneck, uniq_duvessa
D:6:      layout_basic, grunt_temple_overflow_open, serial_shops, shop,
          portal_sewer_entry_d
D:7:      layout_loops_corners, enter_bailey_4, serial_shops, shop
Temple:   nicolae_temple_bog_church

Skill      XL: |  1  2  3  4  5  6  7  8  9 |
---------------+----------------------------+-----
Short Blades   | 2 3 4 6 7 |  7.2
Fighting       | 1 2 3 4 5 |  5.4
Stealth        | 5 6 7 9 10 | 10.7
Ice Magic      | 1 2 |  2.7
Spellcasting   | 3 |  3.6
Hexes          | 4 |  4.6
Dodging        | 3 |  3.7

Action                   |  1- 3 |  4- 6 |  7- 9 || total
-------------------------+-------+-------+-------++-------
Melee: Dagger            |    46 |    52 |   156 ||   254
       Punch             |       |     2 |     2 ||     4
 Cast: Ensorcelled Hiber |    12 |     9 |    18 ||    39
  Use: Scroll            |       |       |    14 ||    14
       Potion            |       |       |     2 ||     2
 Stab: Sleeping          |    25 |    19 |    41 ||    85
Armor: Robe              |     5 |     6 |    40 ||    51
Dodge: Dodged            |    34 |    22 |   100 ||   156
